 Dungeon Crawl Stone Soup version 0.21-a0-538-gd16b88a (webtiles) character file.

476 Esekla the Sneak (level 6, -11/41 HPs)
             Began as a Vampire Enchanter on Dec 16, 2017.
             Mangled by a mummy (18 damage)
             ... in an ossuary.
             The game lasted 01:13:34 (7022 turns).

Esekla the Sneak (Vampire Enchanter)                Turns: 7022, Time: 01:13:35

Health: -11/41     AC:  0    Str:  7    XL:     6   Next: 85%
Magic:  6/10       EV: 21    Int: 19    God:
Gold:   292        SH:  0    Dex: 20    Spells: 1/10 levels left

rFire    . . .     SeeInvis +   (weapon currently unavailable)
rCold    . . .     Gourm    .   (shield currently unavailable)
rNeg     + . .     Faith    .   (armour currently unavailable)
rPois    .         Spirit   .   (helmet currently unavailable)
rElec    .         Reflect  .   (cloak currently unavailable)
rCorr    .         Harm     .   (gloves currently unavailable)
MR       .....                  (boots currently unavailable)
Stlth    +++++.....             (no amulet)
HPRegen  0.13/turn              (ring currently unavailable)
MPRegen  0.12/turn              (ring currently unavailable)

@: bat-form, flying, very slightly contaminated, heavily drained, very quick
A: tiny, fangs 3, see invisible
a: End Transformation


You were in an ossuary.
You were not thirsty.
You were in vampire-bat-form.
You visited 1 branch of the dungeon, and saw 6 of its levels.
You also visited: Ossuary.

You collected 292 gold pieces.

Inventory:

Hand Weapons
 a - a +1 dagger
 q - a +0 dagger of venom
 r - a +0 short sword of venom
 u - a +0 blowgun
 z - a +0 dagger of protection (melded)
Missiles
 g - 140 stones
 n - 3 tomahawks (quivered)
 v - 7 poisoned needles
Armour
 b - a +0 robe (melded)
 i - a +1 pair of boots (melded)
 l - a +2 pair of gloves (melded)
Jewellery
 o - a ring of positive energy (melded)
Scrolls
 f - 2 scrolls of fog
 h - 2 scrolls of identify
 j - 4 scrolls of fear
 k - 2 scrolls of remove curse
 x - a scroll of amnesia
Potions
 d - 2 potions of blood
 m - a potion of brilliance
 p - a potion of experience
 s - a potion of flight
 A - a potion of haste
Books
 c - a book of Maledictions

   Spells                             Type                      Level
   a - Corona                         Hexes                        1
   b - Ensorcelled Hibernation        Hexes/Ice                    2
   c - Confuse                        Hexes                        3
   d - Tukima's Dance                 Hexes                        3
   e - Dazzling Spray                 Conjuration/Hexes            3
 w - a book of Changes

   Spells                             Type                      Level
   a - Beastly Appendage              Transmutation                1
   b - Sticks to Snakes               Transmutation                2
   c - Spider Form                    Transmutation/Poison         3
   d - Ice Form                       Ice/Transmutation            4
   e - Blade Hands                    Transmutation                5


   Skills:
 + Level 3.9(2.3) Short Blades
 + Level 4.5(2.9) Dodging
 - Level 6.3(4.6) Stealth
 + Level 2.8(1.3) Spellcasting
 * Level 1.2(0.0) Conjurations
 + Level 5.7(4.0) Hexes


You had one spell level left.
You knew the following spells:

 Your Spells              Type           Power        Failure   Level  Hunger
a - Dazzling Spray        Conj/Hex       #.....       24%         3    ####...
b - Tukima's Dance        Hex            ###.....     10%         3    ####...
c - Confuse               Hex            ###.....     10%         3    ####...


Dungeon Overview and Level Annotations

Branches:
Dungeon (6/15)             Temple (0/1) D:5

Altars:
Dithmenos
Elyvilon
Nemelex Xobeh
Qazlal

Annotations:
D:3 polly's ghost, weakling DsBe
D:4 Blork the orc; Menkaure
D:5 2 transporters


Innate Abilities, Weirdness & Mutations

You have razor-sharp teeth.
You have supernaturally acute eyesight. (SInv)
((You can survive without breathing.))


Message History

You see here 9 gold pieces.
You now have 231 gold pieces (gained 9).
You see here 19 gold pieces.
You now have 250 gold pieces (gained 19).
You see here 15 gold pieces.
You now have 265 gold pieces (gained 15).
You flicker back into view.
You see here 14 gold pieces.
You turn into a vampire bat.
Your +0 dagger of protection melds into your body.
Your +2 pair of gloves melds into your body.
Your +1 pair of boots melds into your body.
Your +0 robe melds into your body.
Your ring of positive energy melds into your body.
Your +0 dagger of protection goes still.
You now have 279 gold pieces (gained 14).
You see here 13 gold pieces.
You now have 292 gold pieces (gained 13).
The mummy hits you!!
You die...

##### ##...##
#..$$$#
#..$$$#
#.ZM$$#
##b$$## ##.##
#.# ##.##
#####...#####
#Z....∩....Z#
##.........##
#.......Z...#
##.........##


You could see a mummy, a gnoll zombie (wandering) and a big kobold zombie.

Vanquished Creatures
  A centaur (D:5)
  2 scorpions
  A jelly (D:5)
  2 hounds
  A centaur skeleton (D:5)
  A worker ant (D:4)
  A mummy (Ossuary)
  6 adders (D:3)
  2 oozes (D:4)
  4 worms
  A dart slug (D:1)
  2 leopard geckos (D:2)
  An orc (D:5)
  A ball python (D:4)
  A giant cockroach (D:2)
  A gnoll zombie (Ossuary)
  9 goblins
  5 hobgoblins
  4 jackals (D:4)
  4 kobolds
  5 quokkas
  A ball python skeleton (D:4)
  10 bats
  5 frilled lizards
  A jackal skeleton (D:5)
  An orc zombie (Ossuary)
  A quokka skeleton (D:4)
  5 rats
79 creatures vanquished.

Vanquished Creatures (others)
  An orc (D:5)
  A quokka (D:3)
2 creatures vanquished.

Grand Total: 81 creatures vanquished

Notes
Turn   | Place    | Note
-------+----------+-------------------------------------------
     0 | D:1      | Esekla the Vampire Enchanter began the quest for the Orb.
     0 | D:1      | Reached XP level 1. HP: 13/13 MP: 3/3
   507 | D:2      | Found a sparkling altar of Nemelex Xobeh.
   615 | D:1      | Reached XP level 2. HP: 18/19 MP: 5/5
  1106 | D:2      | Found a stormy altar of Qazlal.
  1499 | D:3      | Reached skill level 5 in Hexes
  1499 | D:3      | Reached XP level 3. HP: 24/24 MP: 6/6
  1618 | D:2      | Reached skill level 5 in Stealth
  1890 | D:2      | Learned a level 3 spell: Tukima's Dance
  1998 | D:3      | Noticed polly's ghost (weakling DsBe)
  2677 | D:4      | Noticed a scorpion
  2827 | D:4      | Reached XP level 4. HP: 29/30 MP: 5/7
  2881 | D:4      | Noticed Blork the orc
  2900 | D:5      | Entered Level 5 of the Dungeon
  2900 | D:5      | Noticed a centaur
  3388 | D:3      | Found a white marble altar of Elyvilon.
  3435 | D:3      | Reached XP level 5. HP: 33/35 MP: 8/8
  3452 | D:3      | Learned a level 3 spell: Confuse
  3473 | D:3      | Reached skill level 6 in Stealth
  4717 | D:4      | Noticed Menkaure
  4732 | D:4      | Learned a level 3 spell: Dazzling Spray
  5399 | D:5      | Reached XP level 6. HP: 41/41 MP: 8/10
  5412 | D:5      | Found a transporter.
  5436 | D:5      | Reached skill level 1 in Conjurations
  5451 | D:5      | Noticed a hippogriff
  5452 | D:5      | Found a shadowy altar of Dithmenos.
  5452 | D:5      | Found a transporter.
  5453 | D:5      | Noticed a hippogriff
  5468 | D:5      | Found a staircase to the Ecumenical Temple.
  5991 | D:6      | Found a sand-covered staircase.
  6247 | Ossuary  | Entered an ossuary
  6952 | Ossuary  | HP: 2/41 [centaur zombie (2)]
  7022 | Ossuary  | Mangled by a mummy

Vault maps used:
D:1:      roderic_octagonal_star
D:2:      nemelex_xobeh_ov_fountains_minmay, lemuel_crystal_altar,
          minmay_misc_feat_encased, feat_on_display
D:3:      elyvilon_altar_4, kennysheep_potato
D:4:      minmay_bisected, uniq_edmund, uniq_menkaure, uniq_blork_the_orc
D:5:      gammafunk_temple_overflow_arena, minmay_temple_entry_junction,
          first_bread
D:6:      lightli_ossuary_entry_decrepit_ruins
Ossuary:  minmay_ossuary_gauntlet

Skill      XL: |  1  2  3  4  5  6 |
---------------+-------------------+-----
Hexes          | 5 |  5.7
Stealth        | 5 6 |  6.3
Short Blades   | 2 3 |  3.9
Dodging        | 3 4 |  4.5
Conjurations   | 1 |  1.2
Spellcasting   | |  2.8

Action                   |  1- 3 |  4- 6 || total
-------------------------+-------+-------++-------
Melee: Dagger            |   122 |   235 ||   357
       Bite              |     6 |    22 ||    28
Throw: Stone             |    23 |       ||    23
       Tomahawk          |     2 |    14 ||    16
 Cast: Corona            |     9 |     5 ||    14
       Dazzling Spray    |       |     9 ||     9
 Abil: Bat Form          |       |     6 ||     6
       End Transformatio |       |     5 ||     5
  Use: Scroll            |     6 |    10 ||    16
       Potion            |     4 |    12 ||    16
 Stab: Sleeping          |    12 |     5 ||    17
       Distracted        |       |     1 ||     1
       Invisible         |       |     1 ||     1
Armor: Robe              |    29 |    83 ||   112
Dodge: Dodged            |    79 |   196 ||   275

Table legend:
 A = Spawn XP
 B = Non-spawn XP
 C = Spawn XP percentage of total XP
 D = Spawn monster count
 E = Non-spawn monster count
 F = Spawn count percentage of total count
 G = Total turns spent on level
                    A         B        C        D         E        F      G
               +---------+---------+-------+---------+---------+-------+---------
         Total |       0 |     681 |   0.0 |       0 |      79 |   0.0 |  7022
               +---------+---------+-------+---------+---------+-------+---------
           D:1 |       0 |      22 |   0.0 |       0 |      11 |   0.0 |   936
           D:2 |       0 |      28 |   0.0 |       0 |      15 |   0.0 |  1557
           D:3 |       0 |     120 |   0.0 |       0 |      27 |   0.0 |  2252
           D:4 |       0 |     185 |   0.0 |       0 |      15 |   0.0 |  1048
           D:5 |       0 |     303 |   0.0 |       0 |       7 |   0.0 |   144
           D:6 |       0 |       2 |   0.0 |       0 |       1 |   0.0 |   310
       Ossuary |       0 |      21 |   0.0 |       0 |       3 |   0.0 |   775
               +---------+---------+-------+---------+---------+-------+---------
